 Dungeon Crawl Stone Soup version 0.31.0-10-gcf4a605ca0 (webtiles) character file.

Game seed: 15857987667846448663

121 Gadfly the Ruffian (level 4, 0/54 HPs)
             Began as a Draconian Shapeshifter on Jan 25, 2024.
             Slain by an orc
             ... wielding a +0 mace
              (3 damage)
             ... on level 3 of the Dungeon.
             The game lasted 00:06:43 (1921 turns).

Gadfly the Ruffian (Draconian Shapeshifter)         Turns: 1921, Time: 00:06:44

Health: 0/54       AC: 22    Str: 17    XL:     4   Next: 77%
Magic:  4/4        EV:  2    Int: 10    God:
Gold:   24         SH:  0    Dex: 12    Spells: 3/3 levels left

rFire   . .          .
                       - Unarmed
rCold   . . .        (no shield)
rNeg    . . .        (body armour unavailable)
rPois   +            (helmet currently unavailable)
rElec   .            (cloak currently unavailable)
rCorr   .            h - melded +0 pair of gloves
SInv    .            (boots currently unavailable)
Will    +....        (no amulet)
Stlth   +            g - ring of willpower
HPRegen 0.29/turn    (no ring)
MPRegen 0.09/turn

%: no passive effects
@: lethally poisoned (0 -> -22), tree-form
A: stationary, stasis, torment immunity, boosted hp, AC +5, unfitting armour,
(cold-blooded)
a: no special abilities


You were on level 3 of the Dungeon.
You were a tree.
You visited 1 branch of the dungeon, and saw 3 of its levels.

You collected 71 gold pieces.
You spent 47 gold pieces at shops.

Inventory:

Hand Weapons
 b - a +2 short sword of protection
Missiles
 j - 2 throwing nets (quivered)
Armour
 h - a +0 pair of gloves (melded)
Jewellery
 g - a ring of willpower (left branch)
Talismans
 c - a flux talisman
 f - a beast talisman (active)
Scrolls
 e - 2 scrolls of brand weapon
 i - a scroll of identify
 k - a scroll of immolation
Potions
 d - a potion of curing
 l - a potion of might


   Skills:
 + Level 2.1 Fighting
 * Level 2.6 Dodging
 * Level 3.8 Unarmed Combat
 * Level 1.8 Evocations
 + Level 3.3 Shapeshifting


You had 3 spell levels left.
You didn't know any spells.
Your spell library was empty.

Dungeon Overview and Level Annotations

Branches:
Dungeon (3/15)

Altars:

Shops:
D:2 *?:?


Innate Abilities, Weirdness & Mutations

You are a tree.
Your roots penetrate the ground, keeping you stationary.
You cannot be teleported.
You are immune to unholy pain and torment.
Your maximum health is greatly increased.
Your equipment is partially melded.
((Your plain brown scales are hard. (AC +5)))
You cannot fit into any form of body armour.
((You are cold-blooded and may be slowed by cold attacks.))


Message History

The orc throws a stone.
The stone hits you. As you open the door, it creaks loudly!
There is an open door here.
The orc misses you.
You completely miss the orc. The orc closely misses you.
You hit the orc.
The orc is heavily wounded.
The orc barely misses you.
You hit the orc but do no damage.
The orc is heavily wounded.
The orc hits you with a +0 mace.
You barely miss the orc.
The orc is heavily wounded.
The orc hits you with a +0 flail of venom.
You are poisoned.
The orc hits you with a +0 mace.
You hit the orc. Your punch misses the orc.
The orc is moderately wounded.
You feel very sick.
The orc hits you with a +0 flail of venom.
* * * LOW HITPOINT WARNING * * *
You are more poisoned.
The orc barely misses you.
Okay, then.
Your transformation has ended.
Your +0 pair of gloves unmelds from your body.
You turn into a tree.
Your +0 pair of gloves melds into your body.
Your roots penetrate the ground.
* * * LOW HITPOINT WARNING * * *
You feel very sick. The orc hits you but does no damage.
The orc barely misses you.
You hit the orc.
The orc is severely wounded.
* * * LOW HITPOINT WARNING * * *
You feel very sick. The orc hits you but does no damage.
You are more poisoned.
The orc hits you with a +0 mace.
You die...

#.# #.........####.......# #.#
#.##.#.>...#####.###.# #.#
#.##.##.....# #......
#.###.##.###...## #####.#
#........# ##o## ###.#
#####.##### #.# #...# #.)..o...#
#o# #.### #.##.###o###'## #.#
#.##.# #♣##...## #.# ## #.##.#
#o#.....## #.## .# #....#
#o.......## #..##
.########o..####.........####...#
..o.o..........+.........+.......
o#######.......#...†.....####...#
.# #................###.)...# .#
#.#.###.###.....## #.....# .#
#.#.# #.# ##...## #......


You could see an orc wizard and 2 orcs.

Vanquished Creatures
  7 gnolls
  An adder (D:2)
  2 dart slugs
  A ribbon worm (D:2)
  8 ball pythons
  3 endoplasms (D:1)
  2 giant cockroaches (D:2)
  4 goblins
  A hobgoblin (D:2)
  A quokka (D:1)
  2 bats
  3 kobolds
  6 rats
41 creatures vanquished.

Notes
Turn   | Place    | Note
-------+----------+-------------------------------------------
     0 | D:1      | Gadfly the Draconian Shapeshifter began the quest for the
                  | Orb.
     0 | D:1      | Reached XP level 1. HP: 16/16 MP: 1/1
   396 | D:1      | Reached XP level 2. HP: 12/23 MP: 2/2
   861 | D:2      | Found Orilal's Assorted Antiques.
   865 | D:2      | Bought a scroll labelled DIMOERPH HASTAU for 25 gold pieces
   874 | D:2      | Found Solah's Magic Scroll Emporium.
   919 | D:2      | Reached skill level 1 in Evocations
   919 | D:2      | Reached XP level 3. HP: 28/28 MP: 3/3
  1001 | D:2      | Found Kuramoam's Magic Scroll Shoppe.
  1117 | D:2      | Found Rovomom's Book Shoppe.
  1209 | D:2      | Bought a cyan potion for 22 gold pieces
  1445 | D:2      | Reached XP level 4. HP: 22/36 MP: 4/4
  1921 | D:3      | Slain by an orc

Illustrated notes

Levels and vault maps discovered:
D:1:      elethiomel_arrival_quiet, layout_basic, minmay_tripent
D:2:      layout_rooms, serial_shops, shop, shop,
          nicolae_shop_pleasant_corner_grove, shop, minmay_worlds_worst_comb
D:3:      layout_loops_corners, bloody_makhleb, serial_shops,
          nicolae_shop_tiny_real_fake_doors, minmay_circle_x, uniq_robin

Skill      XL: |  1  2  3  4 |
---------------+-------------+-----
Dodging        | 2 |  2.6
Evocations     | 1 |  1.8
Fighting       | 2 |  2.1
Unarmed Combat | |  3.8
Shapeshifting  | |  3.3

Action                     |  1- 3 |  4- 6 || total
---------------------------+-------+-------++-------
  Melee: Unarmed           |    85 |    35 ||   120
         Punch             |     2 |     3 ||     5
         Tailslap          |    13 |     2 ||    15
Ability: Begin Untransform |     2 |       ||     2
    Use: Scroll            |     6 |       ||     6
         Potion            |       |     1 ||     1
   Stab: Sleeping          |     1 |     1 ||     2
 Armour: Skin              |    32 |    33 ||    65
  Dodge: Dodged            |    55 |    34 ||    89
   Form: Beast             |     3 |       ||     3
         Flux              |     2 |       ||     2
